 Dungeon Crawl Stone Soup version 0.31-a0-177-g4aa6249778 (webtiles) character file.

Game seed: 16397376951313689010

718 qw the Chopper (level 7, -1/44 HPs)
             Began as a Gargoyle Fighter on June 18, 2023.
             Killed from afar by a steam dragon (4 damage)
             ... with a ball of steam
             ... on level 5 of the Dungeon.
             The game lasted 00:01:34 (3464 turns).

qw the Chopper (Gargoyle Fighter)                   Turns: 3464, Time: 00:01:35

Health: -1/44      AC: 13    Str: 22    XL:     7   Next: 70%
Magic:  7/7        EV:  8    Int:  8    God:
Gold:   216        SH:  4    Dex:  9    Spells: 6/6 levels left

rFire   . . .        Y - +1 war axe (drain)
rCold   . . .        c - +0 buckler
rNeg    + . .        o - +0 chain mail
rPois   inf          (no helmet)
rElec   +            (no cloak)
rCorr   .            (no gloves)
SInv    .            (no boots)
Will    .....        (no amulet) Stlth
                     (no ring)
HPRegen 0.27/turn    (no ring)
MPRegen 0.10/turn

%: no passive effects
@: about to teleport
A: sickness immunity, AC +4, negative energy resistance 1, electricity
resistance, torment resistance 1, petrification resistance
a: no special abilities


You were on level 5 of the Dungeon.
You visited 1 branch of the dungeon, and saw 5 of its levels.

You collected 216 gold pieces.


Innate Abilities, Weirdness & Mutations

You are immune to sickness and miasma.
Your stone body is resilient. (AC +4)
You are immune to poison.
You resist negative energy. (rN+)
You are resistant to electric shocks. (rElec)
You are resistant to unholy torment.
You are immune to petrification.


   Skills:
 - Level 4.4 Fighting
 + Level 6.7 Axes
 - Level 3.2 Armour
 - Level 2.3 Dodging
 - Level 3.2 Shields


You had 6 spell levels left.
You didn't know any spells.
Your spell library was empty.

Inventory:

Hand Weapons
 a - a +0 morningstar
 h - a +2 antimagic hand axe
 m - a +0 hand axe
 Y - a +1 war axe of draining (weapon)
Missiles
 n - 10 boomerangs (quivered)
Armour
 c - a +0 buckler (worn)
 o - a +0 chain mail (worn)
Scrolls
 e - a scroll of identify
Potions
 d - 2 potions of might
 f - a potion of experience {unknown}
 g - a potion of haste {unknown}
 i - a potion of mutation
 j - a potion of invisibility {unknown}
 k - a potion of lignification {unknown}
 l - a potion of brilliance {unknown}

Dungeon Overview and Level Annotations

Branches:
Dungeon (5/15)
 Temple: D:4-7

Altars:
Uskayaw


Message History

Enter note:
Enter note: You see here a book of Spatial Translocations.
You open the door.
There is an open door here.
You open the door.
There is an open door here.
A steam dragon comes into view.
The steam dragon hisses angrily.
The steam dragon breathes steam at you. The ball of steam hits you!
The steam dragon moves out of view.
Enter note:
Enter note:
Enter note:
Enter note:
3458 ||| Stepping ~*~*~tactically~*~*~ (cloud).
You start resting.
A steam dragon is nearby!
Enter note:
Enter note:
Enter note:
Enter note: You closely miss the steam dragon.
The steam dragon breathes steam at you. The ball of steam hits you!
You closely miss the steam dragon.
You are engulfed in a cloud of scalding steam.
The steam dragon bites you but does no damage.
The steam dragon claws you.
3463 ||| READING scroll of teleportation.
As you read the scroll of teleportation, it crumbles to dust.
You feel strangely unstable.
You are engulfed in a cloud of scalding steam.
The steam dragon barely misses you.
The steam dragon claws you but does no damage.
You closely miss the steam dragon.
You are engulfed in a cloud of scalding steam.
The steam dragon breathes steam at you. The ball of steam hits you.
You die...

.....:.#
.#####.#######.###
##............#
#.....#####.#.#
##...## ... ##.## #.#
#.# #.# #.# #D# ##'##
#@#### ##...## #....#
#.#.....## ####.#
#........## ##.##.#
#.........####...#.#
...........'........#
...........####...#.#
###.......## ##.##.#
##.....## ####.#


You could see a steam dragon (catching breath).

Vanquished Creatures
  Sigmund (D:4)
  Edmund (D:5)
  Blork the orc (D:4)
  A scorpion (D:5)
  A jelly (D:4)
  A hound (D:4)
  An orc priest (D:4)
  A sleepcap (D:5)
  Ijyb (D:4)
  6 adders
  A worm (D:4)
  5 dart slugs
  10 orcs
  8 ball pythons
  3 endoplasms
  4 giant cockroaches (D:1)
  7 goblins
  8 hobgoblins
  4 jackals (D:2)
  8 quokkas
  8 bats
  2 frilled lizards
  4 kobolds
  4 rats
91 creatures vanquished.

Notes
Turn   | Place    | Note
-------+----------+-------------------------------------------
     0 | D:1      | qw the Gargoyle Fighter began the quest for the Orb.
     0 | D:1      | Reached XP level 1. HP: 14/14 MP: 1/1
     0 | D:1      | 0 ||| qw: Version: 0.3-a-7-ge0c9b40
     0 | D:1      | 0 ||| qw: Game counter: 815
     0 | D:1      | 0 ||| qw: Always use a shield: true
     0 | D:1      | 0 ||| qw: God list: Okawaru
     0 | D:1      | 0 ||| qw: Allow faded altars: false
     0 | D:1      | 0 ||| qw: Do Orc after D:15 true
     0 | D:1      | 0 ||| qw: Do second Lair branch before Depths: true
     0 | D:1      | 0 ||| qw: Lair rune preference: random
     0 | D:1      | 0 ||| qw: Plans: Normal, Zot:1-4, Slime:5, God:TSO, Crypt,
                  | Tomb, Abyss, Pan, Hells, Win
     0 | D:1      | 0 ||| PLANNING D:1-11
   106 | D:1      | Reached skill level 2 in Axes
   211 | D:1      | 211 ||| Stepping ~*~*~tactically~*~*~ (hiding).
   212 | D:1      | 212 ||| Stepping ~*~*~tactically~*~*~ (hiding).
   254 | D:1      | Reached XP level 2. HP: 19/19 MP: 2/2
   368 | D:1      | 368 ||| Stepping ~*~*~tactically~*~*~ (stealth).
   374 | D:1      | Reached skill level 3 in Axes
   391 | D:1      | 391 ||| Stepping ~*~*~tactically~*~*~ (stealth).
   397 | D:1      | 397 ||| Stepping ~*~*~tactically~*~*~ (hiding).
   401 | D:1      | 401 ||| Stepping ~*~*~tactically~*~*~ (hiding).
   403 | D:1      | 403 ||| Stepping ~*~*~tactically~*~*~ (hiding).
   408 | D:1      | Reached XP level 3. HP: 19/23 MP: 3/3
   933 | D:1      | 933 ||| READING scroll labelled KUIPNIW KIEZE.
  1034 | D:1      | 1034 ||| READING scroll labelled WEATIT DAEMPA.
  1035 | D:1      | 1035 ||| READING scroll labelled YDOXEPPUO.
  1036 | D:1      | 1036 ||| READING scroll labelled KOUBIO NOFIB.
  1069 | D:2      | Found a faded altar of an unknown god.
  1120 | D:2      | 1120 ||| FLEEEEING.
  1124 | D:2      | 1124 ||| Stepping ~*~*~tactically~*~*~ (hiding).
  1212 | D:2      | 1212 ||| Stepping ~*~*~tactically~*~*~ (hiding).
  1346 | D:2      | Reached XP level 4. HP: 26/28 MP: 4/4
  1393 | D:2      | 1393 ||| Stepping ~*~*~tactically~*~*~ (stealth).
  1558 | D:2      | 1558 ||| READING scroll labelled KOXYXAI PIEBO.
  1559 | D:2      | 1559 ||| READING scroll labelled NEOMPACEJU.
  1560 | D:2      | 1560 ||| READING scroll labelled MOEBISHETA.
  1630 | D:3      | Reached skill level 4 in Axes
  1775 | D:3      | 1775 ||| DROPPING +0 whip.
  1877 | D:3      | 1877 ||| DROPPING +3 mace of protection.
  1896 | D:3      | 1896 ||| Stepping ~*~*~tactically~*~*~ (stealth).
  1897 | D:3      | 1897 ||| Stepping ~*~*~tactically~*~*~ (stealth).
  2055 | D:3      | 2055 ||| DROPPING +0 flail.
  2243 | D:3      | 2243 ||| DROPPING orb of mayhem.
  2244 | D:3      | 2244 ||| UPGRADING to +0 chain mail.
  2254 | D:3      | 2254 ||| DROPPING +0 scale mail.
  2255 | D:3      | 2255 ||| READING scroll labelled NEOD PAMUPSUI.
  2256 | D:3      | 2256 ||| READING 3 scrolls of identify.
  2256 | D:3      | 2256 ||| IDENTIFYING smoky black potion
  2257 | D:3      | 2257 ||| READING 2 scrolls of identify.
  2257 | D:3      | 2257 ||| IDENTIFYING sapphire potion
  2258 | D:3      | 2258 ||| DROPPING potion of berserk rage.
  2359 | D:4      | 2359 ||| Stepping ~*~*~tactically~*~*~ (stealth).
  2360 | D:4      | 2360 ||| Stepping ~*~*~tactically~*~*~ (stealth).
  2424 | D:4      | 2424 ||| Stepping ~*~*~tactically~*~*~ (stealth).
  2425 | D:4      | 2425 ||| Stepping ~*~*~tactically~*~*~ (stealth).
  2432 | D:4      | Reached XP level 5. HP: 31/32 MP: 5/5
  2448 | D:4      | Noticed Blork the orc
  2449 | D:4      | 2449 ||| Stepping ~*~*~tactically~*~*~ (hiding).
  2458 | D:4      | Killed Blork the orc
  2459 | D:4      | Reached skill level 5 in Axes
  2484 | D:4      | 2484 ||| FLEEEEING.
  2611 | D:4      | 2611 ||| Stepping ~*~*~tactically~*~*~ (hiding).
  2618 | D:4      | Reached XP level 6. HP: 38/38 MP: 6/6
  2776 | D:4      | Noticed Ijyb
  2786 | D:4      | Killed Ijyb
  2960 | D:4      | Noticed Sigmund
  2967 | D:4      | Killed Sigmund
  2968 | D:4      | Reached skill level 6 in Axes
  2968 | D:4      | Reached XP level 7. HP: 44/44 MP: 7/7
  3144 | D:5      | Entered Level 5 of the Dungeon
  3147 | D:5      | 3147 ||| STAIRDANCE
  3169 | D:5      | Noticed Edmund
  3180 | D:5      | Killed Edmund
  3272 | D:5      | Found a hide-covered altar of Uskayaw.
  3457 | D:5      | Noticed a steam dragon
  3458 | D:5      | 3458 ||| Stepping ~*~*~tactically~*~*~ (cloud).
  3462 | D:5      | HP: 10/44 [steam dragon] (4)]
  3463 | D:5      | 3463 ||| READING scroll of teleportation.
  3464 | D:5      | HP: 3/44 [steam dragon] (7)]
  3464 | D:5      | Killed from afar by a steam dragon

Levels and vault maps discovered:
D:1:      kilobyte_arrival_exit_the_forest, layout_loops_cross
D:2:      layout_rooms, basic_ecumenical_altar
D:3:      layout_loops_ring
D:4:      layout_basic, uniq_blork_the_orc, uniq_ijyb, uniq_sigmund
D:5:      layout_loops_corners, eat_drink_and_be_merry_uskayaw, uniq_edmund

Skill      XL: |  1  2  3  4  5  6  7 |
---------------+----------------------+-----
Axes           | 2 3 4 5 6 |  6.7
Fighting       | 4 |  4.4
Dodging        | 2 |  2.3
Armour         | |  3.2
Shields        | |  3.2

Action                     |  1- 3 |  4- 6 |  7- 9 || total
---------------------------+-------+-------+-------++-------
  Melee: War axe           |   112 |    80 |    31 ||   223
  Throw: Boomerang         |       |    53 |    10 ||    63
    Use: Scroll            |     4 |     6 |     1 ||    11
 Armour: Scale mail        |    68 |    26 |       ||    94
         Chain mail        |       |    18 |    12 ||    30
  Dodge: Dodged            |    45 |    16 |    11 ||    72
  Block: Buckler           |    25 |    12 |     6 ||    43

Table legend:
 A = Non-vault XP
 B = Vault XP
 C = Vault XP percentage of total XP
 D = Non-vault monster count
 E = Vault monster count
 F = Vault count percentage of total count
                 A         B        C        D         E       F
            +---------+---------+-------+---------+---------+-------
      Total |     485 |     541 |  52.7 |      87 |       4 |   4.4
            +---------+---------+-------+---------+---------+-------
        D:1 |      51 |       0 |   0.0 |      28 |       0 |   0.0
        D:2 |      43 |       0 |   0.0 |      16 |       0 |   0.0
        D:3 |      39 |       0 |   0.0 |      21 |       0 |   0.0
        D:4 |     191 |     365 |  65.6 |      14 |       3 |  17.6
        D:5 |     161 |     176 |  52.2 |       8 |       1 |  11.1
            +---------+---------+-------+---------+---------+-------
